 Dungeon Crawl Stone Soup version 0.21.1-1-g345015f (webtiles) character file.

1400 nicolaieve the Cleaver (level 8, -2/105 HPs)
             Began as a Minotaur Berserker on July 7, 2018.
             Was an Elder of Trog.
             Slain by Pikel
             ... wielding a +2 whip of flaming
              (4 damage)
             ... on level 5 of the Dungeon.
             The game lasted 00:16:02 (3477 turns).

nicolaieve the Cleaver (Minotaur Berserker)         Turns: 3477, Time: 00:16:03

Health: -2/105     AC: 12    Str: 29    XL:     8   Next: 41%
Magic:  7/7        EV: 14    Int:  4    God:    Trog [****..]
Gold:   267        SH:  0    Dex: 10    Spells: 7/7 levels left

rFire    . . .     SeeInvis .   a - +0 hand axe
rCold    . . .     Gourm    .   (no shield)
rNeg     . . .     Faith    .   b - +0 scale mail
rPois    .         Spirit   .   (helmet restricted)
rElec    .         Reflect  .   u - +1 cloak
rCorr    .         Harm     .   d - +0 pair of gloves
MR       ++...                  g - +0 pair of boots
Stlth    ..........             (no amulet)
HPRegen  1.27/turn              (no ring)
MPRegen  0.10/turn              o - +3 ring of evasion

@: berserking, regenerating, very quick
A: retaliatory headbutt, horns 2
a: Berserk, Trog's Hand, Brothers in Arms, Burn Spellbooks, Renounce Religion


You were on level 5 of the Dungeon.
You worshipped Trog.
Trog was greatly pleased with you.
You were hungry.

You visited 1 branch of the dungeon, and saw 5 of its levels.

You collected 267 gold pieces.

Inventory:

Hand Weapons
 a - a +0 hand axe (weapon)
Armour
 b - a +0 scale mail (worn)
 d - a +0 pair of gloves (worn)
 g - a +0 pair of boots (worn)
 u - a +1 cloak (worn)
Jewellery
 o - a +3 ring of evasion (right hand)
Wands
 e - a wand of disintegration (14)
 r - a wand of acid (12)
Scrolls
 f - a scroll of enchant weapon {unknown}
 l - 4 scrolls of teleportation
 n - a scroll of remove curse
 q - a scroll of identify
 s - a scroll of fog {unknown}
 w - a scroll of amnesia {unknown}
Potions
 h - a potion of heal wounds
 i - a potion of ambrosia
 k - 3 potions of curing
 m - 3 potions of flight
 p - a potion of haste
 t - 2 potions of brilliance
 v - a potion of magic {unknown}
 x - a potion of degeneration {unknown}
Comestibles
 c - 6 rations
 j - 13 chunks of flesh


   Skills:
 + Level 6.0 Fighting
 * Level 10.9 Axes
 + Level 5.3 Armour
 - Level 2.1 Dodging


You had 7 spell levels left.
You didn't know any spells.

Dungeon Overview and Level Annotations

Branches:
Dungeon (5/15)
 Temple: D:4-7

Altars:
Ashenzari
Qazlal
Vehumet
Xom
Yredelemnul

Annotations:
D:5 Pikel


Innate Abilities, Weirdness & Mutations

You reflexively headbutt those who attack you in melee.
You have a pair of horns on your head.


Message History

Trog accepts your kill.
Your Fighting skill increases to level 6!
You completely miss Pikel. Pikel misses you.
Unknown command.
You closely miss Pikel.
Pikel is moderately wounded.
Unknown command.
You closely miss Pikel. You headbutt Pikel!
Pikel is severely wounded.
Pikel misses you. You furiously retaliate!
You headbutt Pikel.
Unknown command.
You closely miss Pikel. Your headbutt misses Pikel.
Pikel is severely wounded.
Unknown command.
You hit Pikel. Your headbutt misses Pikel.
Pikel is severely wounded.
Pikel hits you with a whip of flaming!
* * * LOW HITPOINT WARNING * * *
Pikel burns you.
You die...

##.##.. .......... ..
......... .# .....#...
## .. # #......###.# .#
.# #.........###.
.####.. #..([[†......
...... #[K@...#.#
##.....
.##.###.[..#(..#####.)[#
.................##...##
.
..#####...##.........##
. #......#.......###.#
###...###...#....#.#
#...# ##....##....
#.#.## #.......###
#.#..###..#....###


You could see Pikel.

Vanquished Creatures
  The ghost of goulibeur the Agent of Entropy, an amateur DsAK of Lugonu (D:4)
  A hippogriff (D:5)
  A sky beast (D:5)
  4 slaves (D:5)
  A phantom (D:5)
  2 ogres
  2 scorpions
  2 hounds (D:4)
  An orc priest (D:3)
  Jessica (D:3)
  2 worker ants
  An iguana (D:5)
  An orc wizard (D:5)
  A hound skeleton (D:5)
  12 gnolls
  A howler monkey skeleton (D:5)
  9 adders
  2 oozes (D:2)
  2 worms (D:2)
  5 dart slugs
  2 leopard geckos
  25 orcs
  4 giant cockroaches
  4 goblins
  11 hobgoblins
  12 jackals
  4 quokkas
  3 ball pythons
  6 bats
  A frilled lizard (D:2)
  7 kobolds
  5 rats
136 creatures vanquished.

Notes
Turn   | Place    | Note
-------+----------+-------------------------------------------
     0 | D:1      | nicolaieve the Minotaur Berserker began the quest for the Orb.
     0 | D:1      | Reached XP level 1. HP: 19/19 MP: 0/0
    29 | D:1      | Reached skill level 4 in Axes
    30 | D:1      | Reached XP level 2. HP: 26/27 MP: 1/1
   252 | D:1      | Reached XP level 3. HP: 15/33 MP: 2/2
   609 | D:1      | Reached ** piety under Trog
   860 | D:2      | Reached skill level 5 in Axes
   865 | D:2      | Reached XP level 4. HP: 38/40 MP: 3/3
  1228 | D:2      | Reached XP level 5. HP: 40/47 MP: 4/4
  1301 | D:2      | Reached skill level 6 in Axes
  1397 | D:3      | Found a shattered altar of Ashenzari.
  1408 | D:3      | Reached *** piety under Trog
  1740 | D:3      | Found a shimmering altar of Xom.
  1742 | D:3      | Found a shimmering altar of Xom.
  1742 | D:3      | Found a shimmering altar of Xom.
  1742 | D:3      | Found a shimmering altar of Xom.
  1744 | D:3      | Found a shimmering altar of Xom.
  1746 | D:3      | Found a shimmering altar of Xom.
  1797 | D:3      | Reached XP level 6. HP: 46/53 MP: 5/5
  1826 | D:3      | Reached skill level 7 in Axes
  1881 | D:3      | Found a stormy altar of Qazlal.
  1883 | D:3      | Noticed an air elemental
  1884 | D:3      | Noticed a water elemental
  1884 | D:3      | Noticed a fire elemental
  1961 | D:3      | Found a basalt altar of Yredelemnul.
  1962 | D:3      | Noticed Jessica
  1963 | D:3      | Killed Jessica
  2584 | D:4      | Noticed goulibeur's ghost (amateur DsAK)
  2592 | D:4      | Killed goulibeur's ghost
  2592 | D:4      | Reached skill level 5 in Fighting
  2592 | D:4      | Reached skill level 8 in Axes
  2592 | D:4      | Reached XP level 7. HP: 61/61 MP: 6/6
  2619 | D:4      | Reached **** piety under Trog
  2773 | D:4      | Reached skill level 9 in Axes
  3000 | D:4      | Found a radiant altar of Vehumet.
  3244 | D:5      | Entered Level 5 of the Dungeon
  3329 | D:5      | Reached skill level 10 in Axes
  3329 | D:5      | Reached XP level 8. HP: 41/69 MP: 7/7
  3340 | D:5      | Reached skill level 5 in Armour
  3453 | D:5      | Noticed Pikel
  3454 | D:5      | Noticed a hippogriff
  3471 | D:5      | HP: 5/105 [Pikel/whip of flaming (1)]
  3473 | D:5      | Killed a hippogriff
  3477 | D:5      | HP: 2/105 [Pikel/whip of flaming (7)]
  3477 | D:5      | Slain by Pikel

Skill      XL: |  1  2  3  4  5  6  7  8 |
---------------+-------------------------+-----
Axes           | 4 5 6 8 10 | 10.9
Fighting       | 4 5 6 |  6.0
Armour         | 3 4 5 |  5.3
Dodging        | |  2.1

Action                   |  1- 3 |  4- 6 |  7- 9 || total
-------------------------+-------+-------+-------++-------
Melee: Hand axe          |    58 |   175 |   115 ||   348
       Headbutt          |     9 |    26 |    25 ||    60
Invok: Berserk           |     2 |     2 |     2 ||     6
       Trog's Hand       |       |       |     1 ||     1
  Use: Scroll            |       |     4 |     4 ||     8
  Eat: Chunk             |     1 |     7 |     5 ||    13
Armor: Animal skin       |     2 |       |       ||     2
       Ring mail         |    10 |    42 |       ||    52
       Scale mail        |       |    16 |    47 ||    63
Dodge: Dodged            |    45 |    88 |    72 ||   205
